 Dungeon Crawl Stone Soup version 0.25.1-2-g60ff931df9 (webtiles) character file.

Game seed: 3828598029657097864

613 Delamore the Basher (level 7, 0/41 HPs)
             Began as a Gargoyle Fighter on Aug 12, 2020.
             Killed from afar by an orc wizard (4 damage)
             ... with a puff of frost
             ... on level 5 of the Dungeon.
             The game lasted 00:03:52 (3274 turns).

Delamore the Basher (Gargoyle Fighter)              Turns: 3274, Time: 00:03:52

Health: 0/41       AC: 17    Str: 21 (22) XL:     7   Next: 44%
Magic:  7/7        EV: 11    Int: 11 (12) God:
Gold:   252        SH:  9    Dex:  8 (9)  Spells: 6/6 levels left

rFire    . . .     SeeInvis .   v - +4 whip of Benevolence {flame, +Blink rElec MR+ Int+4}
rCold    . . .     Gourm    .   c - +0 kite shield
rNeg     + . .     Faith    .   b - +0 scale mail
rPois    ∞         Spirit   .   (no helmet)
rElec    +         Reflect  .   h - +0 cloak (curse)
rCorr    .         Harm     .   m - +0 pair of gloves
MR       +....                  (no boots)
Stlth    ..........             (no amulet)
HPRegen  0.13/turn              g - +4 ring of evasion
MPRegen  0.10/turn              q - +4 ring of protection

@: no status effects
A: negative energy resistance 1, electricity resistance, unbreathing,
petrification resistance, rot immunity, AC +4
a: Evoke Blink


You were on level 5 of the Dungeon.
You were not hungry.

You visited 1 branch of the dungeon, and saw 5 of its levels.

You collected 252 gold pieces.

Inventory:

Hand Weapons
 a - a +0 flail
 v - the +4 whip of Benevolence (weapon) {flame, +Blink rElec MR+ Int+4}
   (You found it on level 4 of the Dungeon)

   It has been specially enchanted to burn those struck by it, causing extra
   injury to most foes and up to half again as much damage against particularly
   susceptible opponents.
   It affects your intelligence (+4).
   It insulates you from electricity.
   It affects your resistance to hostile enchantments.
   It lets you blink.
Missiles
 i - a throwing net
 p - 8 atropa-tipped darts (quivered)
 s - 8 poisoned darts
Armour
 b - a +0 scale mail (worn)
 c - a +0 kite shield (worn)
 h - a cursed +0 cloak (worn)
 m - a +0 pair of gloves (worn)
Jewellery
 e - a +4 ring of evasion
 g - a +4 ring of evasion (left hand)
 q - a +4 ring of protection (right hand)
 r - an uncursed ring of fire
Wands
 y - a wand of random effects (22)
Scrolls
 j - 5 scrolls of identify {unknown}
 l - 2 scrolls of immolation {unknown}
 n - 3 scrolls of remove curse {unknown}
 o - a scroll of random uselessness {unknown}
 w - a scroll of teleportation {unknown}
Potions
 d - 3 potions of might
 k - a potion of curing
Comestibles
 f - 9 rations
 x - 2 chunks of flesh


   Skills:
 - Level 3.2 Fighting
 + Level 8.1 Maces & Flails
 - Level 3.2 Armour
 - Level 3.2 Shields


You had 6 spell levels left.
You didn't know any spells.
Your spell library contained the following spells:

 Spells                   Type           Power        Failure   Level  Hunger
 Beastly Appendage        Tmut           #.....       99%         1    ##.....
 Sticks to Snakes         Tmut           #.......     100%        2    ###....
 Spider Form              Tmut/Pois      #.........   100%        3    ####...
 Ice Form                 Ice/Tmut       #.......     100%        4    #####..
 Blade Hands              Tmut           #.........   100%        5    ######.


Dungeon Overview and Level Annotations

Branches:
Dungeon (5/15)
 Temple: D:4-7

Altars:
Vehumet
Zin

Shops:
D:4 *

Annotations:
D:3 1 runed translucent door


Innate Abilities, Weirdness & Mutations

You are resistant to torment.
Your stone body is resilient. (AC +4)
You are immune to poison.
You resist negative energy. (rN+)
You are resistant to electric shocks. (rElec)
You can survive without breathing.
You are immune to petrification.
You are immune to rotting.


Message History

The orc warrior is moderately wounded.
You completely miss the orc warrior.
The orc warrior is moderately wounded.
You block the orc's attack.
The orc warrior hits you with a +0 battleaxe!
* * * LOW HITPOINT WARNING * * *
You block the orc's attack.
Okay, then.
Okay, then.
It was a potion of degeneration.
There was something very wrong with that liquid.
You feel weakened.
You feel dopey.
You feel clumsy. The orc warrior barely misses you.
As you read the scroll labeled LANOFR YLYIQ, it crumbles to dust.
It is a scroll of amnesia.
You feel forgetful for a moment.
An orc wizard appears from thin air!
Reactivating autopickup.
The orc wizard points at you and mumbles some strange words.
The puff of frost hits you.
You die...

#....<..# ##...# #...
#......####...## #....
#......###....# .....
##.#..###.....# ......
##.######....####..?...
#######..# ##........)......
#..##....####ooZ.o....#...o.
##........#..o..####### .o.
#..........@#### .
##.............#
#..............#
##.............##
#.............##
#............##
#...........## #.........###
##........#


You could see an orc warrior, an orc wizard (fast), 2 orcs and an adder zombie.

Vanquished Creatures
  A phantom (D:4)
  2 howler monkeys (D:4)
  A hound (D:4)
  3 orc priests
  2 orc wizards
  A worker ant (D:3)
  Natasha (twice) (D:2)
  3 hound skeletons
  4 gnolls
  4 adders
  An ooze (D:4)
  5 worms
  2 leopard geckos
  6 orcs
  6 giant cockroaches
  2 goblins
  6 hobgoblins
  4 kobolds
  3 quokkas
  7 bats
  4 frilled lizards
  5 rats
74 creatures vanquished.

Notes
Turn   | Place    | Note
-------+----------+-------------------------------------------
     0 | D:1      | Delamore the Gargoyle Fighter began the quest for the Orb.
     0 | D:1      | Reached XP level 1. HP: 14/14 MP: 1/1
   195 | D:1      | Reached XP level 2. HP: 16/19 MP: 2/2
   534 | D:2      | Reached skill level 3 in Maces & Flails
   551 | D:2      | Reached XP level 3. HP: 22/23 MP: 3/3
   583 | D:1      | Reached skill level 4 in Maces & Flails
   585 | D:1      | Reached XP level 4. HP: 4/28 MP: 4/4
   918 | D:2      | Found a radiant altar of Vehumet.
   982 | D:2      | Reached skill level 5 in Maces & Flails
   982 | D:2      | Reached XP level 5. HP: 7/32 MP: 5/5
  1493 | D:2      | Noticed Natasha
  1503 | D:2      | Killed Natasha
  1519 | D:2      | Reached skill level 6 in Maces & Flails
  1541 | D:2      | Noticed Natasha
  1559 | D:2      | Killed Natasha
  1559 | D:2      | Reached XP level 6. HP: 25/37 MP: 6/6
  1828 | D:3      | Found a runed translucent door.
  1836 | D:3      | Found a glowing silver altar of Zin.
  1836 | D:3      | Noticed an angel
  2361 | D:4      | Found Beemynn's Elemental Accessories.
  2450 | D:4      | Reached skill level 7 in Maces & Flails
  2586 | D:4      | Got a jewelled whip
  2587 | D:4      | Identified the +4 whip of Benevolence {flame, +Blink rElec
                  | MR+ Int+4} (You found it on level 4 of the Dungeon)
  2808 | D:4      | Reached XP level 7. HP: 41/41 MP: 7/7
  3098 | D:5      | Entered Level 5 of the Dungeon
  3104 | D:5      | Reached skill level 8 in Maces & Flails
  3274 | D:5      | Killed from afar by an orc wizard

Illustrated notes

Levels and vault maps discovered:
D:1:      lightli_arrival_noodles, layout_basic
D:2:      cheibrodos_pilgrimage, layout_rooms, lemuel_altar_in_water,
          uniq_natasha
D:3:      layout_loops_ring, first_ration, lemuel_angel_altar
D:4:      layout_loops_ring, nicolae_elemental_shop
D:5:      layout_cave_pods, serial_bayou, serial_bayou_lagoon_a,
          serial_bayou_pond_a, serial_bayou_crossing, serial_bayou_shore_a,
          basic_altar

Skill      XL: |  1  2  3  4  5  6  7 |
---------------+----------------------+-----
Maces & Flails | 3 4 5 6 7 8 |  8.1
Fighting       | |  3.2
Armour         | |  3.2
Shields        | |  3.2

Action                   |  1- 3 |  4- 6 |  7- 9 || total
-------------------------+-------+-------+-------++-------
Melee: Flail             |    83 |   219 |       ||   302
       Whip              |       |    22 |    35 ||    57
  Use: Scroll            |       |       |     1 ||     1
       Potion            |       |       |     1 ||     1
  Eat: Chunk             |       |     7 |     1 ||     8
Armor: Scale mail        |    36 |    54 |     9 ||    99
Dodge: Dodged            |    63 |   136 |     5 ||   204
Block: Kite shield       |    64 |   101 |    19 ||   184
